 Dungeon Crawl Stone Soup version 0.31-a0-675-g238779eb0a (webtiles) character file.

Game seed: 2616511621466969742

135 osuadh the Sneak (level 4, -1/21 HPs)
             Began as a Spriggan Enchanter on Sept 6, 2023.
             Slain by a kobold brigand
             ... wielding a +0 club
              (7 damage)
             ... in a sewer.
             The game lasted 00:11:59 (2892 turns).

osuadh the Sneak (Spriggan Enchanter)               Turns: 2892, Time: 00:11:59

Health: -1/21      AC:  2    Str:  2 (4)  XL:     4   Next: 97%
Magic:  1/10       EV: 17    Int: 17 (18) God:
Gold:   184        SH:  0    Dex: 13 (15) Spells: 8/10 levels left

rFire   . . .        a - +1 dagger
rCold   . . .        (no shield)
rNeg    . . .        b - +0 robe
rPois   .            (helmet restricted)
rElec   .            (no cloak)
rCorr   .            (gloves unavailable)
SInv    +            (boots unavailable)
Will    .....        i - amulet of the acrobat
Stlth   +++          (no ring)
HPRegen 0.23/turn    (no ring)
MPRegen 0.12/turn

%: acrobat
@: lethally poisoned (-1 -> -9), very quick
A: very small, no large weapons, unfitting armour, see invisible, speed 3
a: no special abilities


You were in a sewer.
You visited 1 branch of the dungeon, and saw 3 of its levels.
You also visited: Sewer.

You collected 184 gold pieces.

Inventory:

Hand Weapons
 a - a +1 dagger (weapon)
 d - a +0 sling
 n - the +1 spear of Irrepressible Laughter {drain, rPois Will+ Dex+3}
   (You found it on level 3 of the Dungeon)

   Dex+3:     It affects your dexterity (+3).
   rPois:     It protects you from poison Will+: It increases your willpower.
Missiles
 g - 19 stones
 l - a throwing net
Armour
 b - a +0 robe (worn)
 j - a scarf of harm
Jewellery
 i - an amulet of the acrobat (around neck)
 m - a +6 ring of intelligence
Wands
 o - a wand of light (12)
Scrolls
 e - a scroll of amnesia {unknown}
 p - a scroll of vulnerability {unknown}
 q - a scroll of summoning {unknown}
 r - a scroll of identify {unknown}
Potions
 c - 2 potions of invisibility
 h - a potion of degeneration
 k - 2 potions of enlightenment {unknown}


   Skills:
 + Level 2.5 Short Blades
 - Level 2.6 Dodging
 + Level 5.6 Stealth
 + Level 3.5 Spellcasting
 + Level 4.7 Hexes
 - Level 1.2 Ice Magic


You had 8 spell levels left.
You knew the following spells:

 Your Spells              Type           Power      Damage    Failure   Level
a - Ensorcelled Hibernat  Hex/Ice        26%        N/A       8%          2

Your spell library contained the following spells:

 Spells                   Type           Power      Damage    Failure   Level
 Confusing Touch          Hex            19%        N/A       7%          3
 Tukima's Dance           Hex            19%        N/A       7%          3
 Dazzling Flash           Conj/Hex       22%        N/A       19%         3


Dungeon Overview and Level Annotations

Branches:
Dungeon (3/15)              Sewer (1/1)

Altars:

Annotations:
D:2 Sigmund


Innate Abilities, Weirdness & Mutations

You are very small and have problems with some larger weapons.
You are too small for most types of armour.
You have supernaturally acute eyesight. (SInv)
You cover ground extremely quickly. (Speed+++)


Message History

Aiming: Ensorcelled Hibernation (safe; 7% risk of failure)
Press: ? - help, Shift-Dir - straight line, f/p - kobold brigand
Aim: a kobold brigand, wielding a +0 club and quivering poisoned darts (lightly wounded, chance to affect: 47%)
The kobold brigand resists with some effort.
You feel sick.
Casting: Ensorcelled Hibernation (safe; 7% risk of failure)
Confirm with . or Enter, or press ? or * to list all spells.
Aiming: Ensorcelled Hibernation (safe; 7% risk of failure)
Press: ? - help, Shift-Dir - straight line, f/p - kobold brigand
Aim: a kobold brigand, wielding a +0 club and quivering poisoned darts (lightly wounded, chance to affect: 47%)
The kobold brigand resists with some effort.
You feel sick.
You feel sick.
Casting: Ensorcelled Hibernation (safe; 7% risk of failure)
Confirm with . or Enter, or press ? or * to list all spells.
Aiming: Ensorcelled Hibernation (safe; 7% risk of failure)
Press: ? - help, Shift-Dir - straight line, f/p - kobold brigand
Aim: a kobold brigand, wielding a +0 club and quivering poisoned darts (lightly wounded, chance to affect: 47%)
The kobold brigand resists with some effort.
You feel sick.
The kobold brigand throws a poisoned dart.
The poisoned dart hits you!
You are lethally poisoned!
Casting: Ensorcelled Hibernation (safe; 7% risk of failure)
Confirm with . or Enter, or press ? or * to list all spells.
Aiming: Ensorcelled Hibernation (safe; 7% risk of failure)
Press: ? - help, Shift-Dir - straight line, f/p - kobold brigand
Aim: a kobold brigand, wielding a +0 club and quivering poisoned darts (lightly wounded, chance to affect: 47%)
The kobold brigand resists with some effort.
You feel very sick.
Casting: Ensorcelled Hibernation (safe; 7% risk of failure)
Confirm with . or Enter, or press ? or * to list all spells.
You don't have enough magic to cast this spell.
It was a potion of degeneration.
There was something very wrong with that liquid.
You feel weakened.
You feel dopey.
You feel clumsy.
* * * LOW HITPOINT WARNING * * *
You feel sick.
The kobold brigand hits you with a +0 club!
You die...

#≈..#≈≈ #≈~.#≈≈
#≈≈.#≈≈ #≈~.#≈≈
#≈≈.#≈≈
################≈K.###
#≈≈≈≈≈≈≈≈≈≈~~~≈≈≈~.#≈~
#~~~.~~~≈~~~~~~~~).~~≈
#....@K....(..(....#≈≈
###.##################
##...## #.....#
#..∩..# #..∩..#
##...## #####


You could see a kobold brigand.

Vanquished Creatures
  3 gnolls (D:2)
  An adder (D:2)
  A shadow imp (Sewer)
  An ufetubus (Sewer)
  A worm (D:2)
  A dart slug (D:1)
  7 bats
  6 endoplasms
  5 giant cockroaches
  5 goblins
  7 hobgoblins
  8 quokkas
  4 ball pythons
  15 frilled lizards
  7 kobolds
  5 rats
77 creatures vanquished.

Notes
Turn   | Place    | Note
-------+----------+-------------------------------------------
     0 | D:1      | osuadh the Spriggan Enchanter began the quest for the Orb.
     0 | D:1      | Reached XP level 1. HP: 9/9 MP: 5/5
   289 | D:1      | Reached XP level 2. HP: 13/13 MP: 6/6
   292 | D:1      | Learned a level 2 spell: Ensorcelled Hibernation
   638 | D:1      | Reached skill level 1 in Ice Magic
   865 | D:1      | Reached XP level 3. HP: 16/16 MP: 5/8
  1277 | D:2      | Reached skill level 5 in Stealth
  1464 | D:2      | Reached XP level 4. HP: 21/21 MP: 1/9
  1797 | D:2      | Noticed Sigmund
  2354 | D:3      | Identified the +1 spear of Irrepressible Laughter {drain,
                  | rPois Will+ Dex+3}
  2390 | D:3      | Found a glowing drain.
  2493 | Sewer    | Entered a sewer
  2787 | Sewer    | Found an ancient bone altar of Kikubaaqudgha.
  2787 | Sewer    | Noticed a kobold brigand
  2892 | Sewer    | Slain by a kobold brigand

Illustrated notes

Levels and vault maps discovered:
D:1:      eino_arrival_druids_welcome, layout_loops_ring
D:2:      layout_loops_ring, minmay_lizard_pond, uniq_sigmund
D:3:      layout_loops_ring, overflow_temple_1_default, portal_sewer_entry_f,
          dilly_ecumenical_altar_fadedgnrine
Sewer:    kennysheep_sewer_church

Skill      XL: |  1  2  3 |
---------------+----------+-----
Hexes          | 4 |  4.7
Ice Magic      | 1 |  1.2
Stealth        | 5 |  5.6
Spellcasting   | 3 |  3.5
Short Blades   | 2 |  2.5
Dodging        | |  2.6

Action                     |  1- 3 |  4- 6 || total
---------------------------+-------+-------++-------
  Melee: Dagger            |   123 |    79 ||   202
  Throw: Dart              |       |     9 ||     9
   Cast: Ensorcelled Hiber |    22 |    37 ||    59
    Use: Scroll            |       |     2 ||     2
         Potion            |       |     1 ||     1
   Stab: Sleeping          |    21 |    26 ||    47
 Armour: Robe              |    23 |    15 ||    38
  Dodge: Dodged            |    82 |    62 ||   144

Table legend: (Time is in decaauts)
 A = Elapsed time spent in this place.
 B = Non-inter-level travel time spent in this place.
 C = Inter-level travel time spent in this place.
 D = Time resting spent in this place.
 E = Time spent auto-exploring this place.
 F = Levels seen in this place.
 G = Mean time per level.
                   A        B        C        D        E       F      G
               +--------+--------+--------+--------+--------+-----+--------+
         Total |   2186 |   2086 |    100 |    343 |    817 |   4 |  546.5 |
       Dungeon |   1874 |   1774 |    100 |    273 |    770 |   3 |  624.7 |
         Sewer |    311 |    311 |      0 |     70 |     47 |   1 |  311.0 |
               +--------+--------+--------+--------+--------+-----+--------+

Top non-repeatable levels by time:
     D:1: 962 daAuts
     D:2: 786 daAuts
   Sewer: 311 daAuts
     D:3: 125 daAuts
